 Dungeon Crawl Stone Soup version 0.21.1-1-g345015fe64 (webtiles) character file.

53 Ivernyr the Charmwright (level 3, 0/28 HPs)
             Began as a Demonspawn Skald on Apr 25, 2018.
             Slain by an adder (1 damage)
             ... on level 2 of the Dungeon.
             The game lasted 00:02:49 (1441 turns).

Ivernyr the Charmwright (Demonspawn Skald)          Turns: 1441, Time: 00:02:51

Health: 0/28       AC:  3    Str: 11    XL:     3   Next: 62%
Magic:  1/6        EV: 12    Int: 14    God:
Gold:   23         SH:  0    Dex: 13    Spells: 1/6 levels left

rFire    . . .     SeeInvis .   a - +0 falchion
rCold    . . .     Gourm    .   (no shield)
rNeg     . . .     Faith    .   b - +0 leather armour
rPois    .         Spirit   .   (no helmet)
rElec    .         Reflect  .   (no cloak)
rCorr    .         Harm     .   (no gloves)
MR       .....                  (no boots)
Stlth    +.........             (no amulet)
HPRegen  0.09/turn              (no ring)
MPRegen  0.10/turn              (no ring)

@: lethally poisoned (0 -> -2), very slightly contaminated
A: talons 1
a: no special abilities


You were on level 2 of the Dungeon.
You were hungry.

You visited 1 branch of the dungeon, and saw 2 of its levels.

You collected 23 gold pieces.

Inventory:

Hand Weapons
 a - a +0 falchion (weapon)
Armour
 b - a +0 leather armour (worn)
Scrolls
 f - a scroll of fear {unknown}
 g - a scroll of immolation {unknown}
 h - a scroll of random uselessness {unknown}
 k - a scroll of enchant armour {unknown}
Potions
 e - a potion of brilliance {unknown}
 i - a potion of ambrosia {unknown}
 j - a potion of curing {unknown}
Books
 c - a book of Battle

   Spells                             Type                      Level
   a - Infusion                       Charms                       1
   b - Shroud of Golubria             Charms/Translocation         2
   c - Song of Slaying                Charms                       2
   d - Spectral Weapon                Hexes/Charms                 3
   e - Regeneration                   Charms/Necromancy            3
Comestibles
 d - a ration


   Skills:
 + Level 2.6 Fighting
 - Level 1.7 Long Blades
 * Level 2.3 Armour
 - Level 1.7 Dodging
 - Level 2.0 Spellcasting
 + Level 3.1 Charms


You had one spell level left.
You knew the following spells:

 Your Spells              Type           Power        Failure   Level  Hunger
a - Shroud of Golubria    Chrm/Tloc      #.........   26%         2    ###....
b - Song of Slaying       Chrm           ##......     13%         2    ###....
c - Infusion              Chrm           ##..         9%          1    ##.....


Dungeon Overview and Level Annotations

Branches:
Dungeon (2/15)

Altars:


Innate Abilities, Weirdness & Mutations

You have sharp toenails.


Message History

You hit the adder.
The adder is heavily wounded.
* * * LOW HITPOINT WARNING * * *
You feel sick. The adder closely misses you.
You barely miss the adder.
The adder is heavily wounded.
The adder bites you but does no damage. The adder bites you.
* * * LOW HITPOINT WARNING * * *
You are feeling hungry.
You closely miss the adder.
The adder is heavily wounded.
The adder bites you.
* * * LOW HITPOINT WARNING * * *
You hit the adder. Your kick misses the adder.
The adder is almost dead.
* * * LOW HITPOINT WARNING * * *
You feel sick.
The kobold is no longer unusually agile.
The adder bites you.
You die...

...............# .....
...............# #......
.>......#......#........
........##..†..##.......
#######>.###....#.......
##.####.w.......#
#..###lK........
##..##S#.#.#.......
##.##@#.l.# ......
#..#.###.##...... ##.#.#
#K.#......
#..#.###.g#......
##..(.###.#......
#.#.............
#.#.####........ #...#
#w....... .....#
#.%.#....


You could see a worm, an adder, a leopard gecko and a kobold.

Vanquished Creatures
  An adder (D:2)
  2 dart slugs (D:1)
  A leopard gecko (D:1)
  A ball python (D:1)
  4 bats (D:1)
  4 giant cockroaches
  5 hobgoblins (D:1)
  3 jackals (D:1)
  5 kobolds
  A frilled lizard (D:1)
  6 goblins
  A rat (D:1)
34 creatures vanquished.

Notes
Turn   | Place    | Note
-------+----------+-------------------------------------------
     0 | D:1      | Ivernyr the Demonspawn Skald began the quest for the Orb.
     0 | D:1      | Reached XP level 1. HP: 16/16 MP: 3/3
    18 | D:1      | Reached skill level 1 in Armour
    66 | D:1      | Gained mutation: You have sharp toenails. [demonic ancestry]
    66 | D:1      | Reached XP level 2. HP: 4/22 MP: 5/5
   417 | D:1      | Learned a level 2 spell: Song of Slaying
   420 | D:1      | Learned a level 2 spell: Shroud of Golubria
   449 | D:1      | Reached skill level 3 in Charms
   686 | D:1      | Reached XP level 3. HP: 23/28 MP: 6/6
  1441 | D:2      | HP: 1/28 [poisoned by an adder]
  1441 | D:2      | Slain by an adder

Skill      XL: |  1  2 |
---------------+-------+-----
Armour         | 1 2 |  2.3
Charms         | 3 |  3.1
Fighting       | |  2.6
Long Blades    | |  1.7
Dodging        | |  1.7
Spellcasting   | |  2.0

Action                   || total
-------------------------++-------
Melee: Falchion          ||    89
       Kick              ||    16
 Cast: Shroud of Golubri ||     5
       Song of Slaying   ||     2
 Stab: Sleeping          ||     1
  Eat: Chunk             ||     2
Armor: Leather armour    ||    21
Dodge: Dodged            ||    63
       Rpst.: Falchion   ||    23
